 Dungeon Crawl Stone Soup version 0.20-a0-738-gb057e68 (webtiles) character file.

92689 AlphabetPasta the Fighter (level 16, -11/172 HPs)
             Began as an Ogre Hunter on Feb 22, 2017.
             Was the Champion of Okawaru.
             Killed from afar by a deep elf knight (30 damage)
             ... with a shard of ice
             ... on level 15 of the Dungeon on Feb 23, 2017.
             The game lasted 02:52:22 (30089 turns).

AlphabetPasta the Fighter (Ogre Hunter)            Turns: 30089, Time: 02:52:22

Health: -11/172    AC:  8    Str: 29    XL:     16   Next: 6%
Magic:  16/22      EV: 19    Int: 12    God:    Okawaru [******]
Gold:   1909       SH:  0    Dex: 13    Spells: 15/15 levels left

rFire    + . .     SeeInvis .   a - +8 trident of the Octopus King {venom, rElec rPois MR+}
rCold    + . .     Gourm    .   s - +1 robe "Nonnu" {Regen+ Str+5} (curse)
rNeg     . . .     Faith    .   (no shield)
rPois    +         Spirit   .   I - +1 hat {MR+}
rElec    +         Reflect  .   W - scarf "Refibyaz" {rF+ MR+ Str+3}
rCorr    .         Harm     .   (gloves unavailable)
MR       ++++.                  (boots unavailable)
Stlth    +++.......             (no amulet)
Regen    0.8/turn               B - +2 ring of protection
MPRegen  0.2/turn               w - ring of protection from cold

@: heroism, finesse, very slightly contaminated
A: unfitting armour, tough skin 1
a: Heroism, Finesse, Renounce Religion


You were on level 15 of the Dungeon.
You worshipped Okawaru.
Okawaru was exalted by your worship.
You were not hungry.

You visited 4 branches of the dungeon, and saw 24 of its levels.
You also visited: Labyrinth and Ice Cave.

You collected 2586 gold pieces.
You spent 677 gold pieces at shops.

Inventory:

Hand Weapons
 a - the +8 trident of the Octopus King (weapon) {venom, rElec rPois MR+}
   (Okawaru gifted it to you on level 5 of the Lair of Beasts)

   It poisons the flesh of those it strikes.
   It insulates you from electricity.
   It protects you from poison.
   It affects your resistance to hostile enchantments.
 b - a +9 bardiche of holy wrath
 h - a +1 antimagic halberd
Missiles
 m - 9 large rocks (quivered)
 C - 8 tomahawks
Armour
 s - the cursed +1 robe "Nonnu" (worn) {Regen+ Str+5}
   (You found it on level 5 of the Dungeon)

   It affects your strength (+5).
   It increases your rate of regeneration.
   It has a curse placed upon it.
 I - a +1 hat of magic resistance (worn)
 W - the scarf "Refibyaz" (worn) {rF+ MR+ Str+3}
   (Okawaru gifted it to you on level 2 of the Lair of Beasts)

   It affects your strength (+3).
   It protects you from fire.
   It affects your resistance to hostile enchantments.
Jewellery
 n - an uncursed ring of protection from fire
 w - a ring of protection from cold (left hand)
 B - a +2 ring of protection (right hand)
 L - an uncursed ring of protection from cold
 O - an uncursed ring of protection from magic
Wands
 d - a wand of flame (24/48)
 g - a wand of iceblast (6/15)
 i - a wand of lightning (8/15)
 j - a wand of disintegration (0/24)
 p - a wand of disintegration (7/24)
 A - a wand of acid (10/15)
 G - a wand of random effects (16/48)
 N - a wand of confusion (15/48)
 S - a wand of polymorph (16/24)
 T - a wand of clouds (5/9)
 V - a wand of lightning (7/15)
Scrolls
 l - 11 scrolls of remove curse
 o - 4 scrolls of fog
 D - 5 scrolls of recharging
 F - a scroll of blinking
 J - 2 scrolls of identify
 K - 3 scrolls of enchant armour
 M - 2 scrolls of magic mapping
 U - 5 scrolls of teleportation
Potions
 e - a potion of resistance
 q - 2 potions of agility
 r - 2 potions of cancellation
 u - 7 potions of flight
 v - a potion of heal wounds
 x - 7 potions of curing
 z - a potion of invisibility
 E - a potion of haste
 H - a potion of ambrosia
 Q - 2 potions of might
 Z - a potion of berserk rage
Miscellaneous
 c - a phantom mirror
 k - a lamp of fire
Comestibles
 f - 9 bread rations
 P - 10 meat rations
 R - 12 fruits
 X - 2 royal jellies


   Skills:
 + Level 14.2(19.2) Fighting
 + Level 13.4(18.4) Polearms
 * Level 13.0(18.0) Throwing
 + Level 9.5(14.5) Armour
 + Level 10.4(15.4) Dodging
 - Level 0.6(5.6) Stealth
 - Level 8.0 Invocations
 + Level 5.5 Evocations


You had 15 spell levels left.
You didn't know any spells.

Dungeon Overview and Level Annotations

Branches:
Dungeon (15/15)            Temple (1/1) D:6            Lair (6/6) D:11
  Swamp (0/4) Lair:3       Spider (0/4) Lair:4        Slime (0/5) Lair:5
    Orc (2/2) D:11            Elf (0/3) Orc:2        Vaults (0/5) D:13
 Depths: D:15

Altars:
Ashenzari
Cheibriados
Dithmenos
Elyvilon
Fedhas
Gozag
Hepliaklqana
Kikubaaqudgha
Makhleb
Nemelex Xobeh
Okawaru
Qazlal
Ru
Sif Muna
Trog
Uskayaw
Vehumet
Wu Jian
Xom
Yredelemnul
Zin
The Shining One
Beogh

Shops:
D:13 *   D:15 ?   Orc:2 }!(}!

Annotations:
D:2 !imps with chaos blades
D:6 !vampire


Innate Abilities, Weirdness & Mutations

You are too large for most types of armour.
You have tough skin. (AC +1)


Message History

You gain the combat prowess of a mighty hero.
The deep elf knight hits you with a scimitar!
* * * LOW HITPOINT WARNING * * *
You can now deal lightning-fast blows.
The deep elf knight hits you with a scimitar!
* * * LOW HITPOINT WARNING * * *
You feel much better. The deep elf knight blocks your attack.
You punch the deep elf knight, but do no damage.
The deep elf knight points at you and mumbles some strange words.
The shard of ice hits you! You partially resist.
* * * LOW HITPOINT WARNING * * *
You hear a shout!
Blink to where?
Press: ? - help, Dir - move target cursor You are very lightly contaminated with residual magic.
As you read the scroll of blinking, it crumbles to dust.
The deep elf knight gestures at you while chanting.
The shard of ice hits you! You partially resist.
You die...

..#(....# #.#.#..#
C)#C..#.# ##.#.e...### ..
#⌠..#...# ...####.####
(.......#...#
.............#
.......#.@.# #########..#
##.## #..###
############# #....###
§............# ##......##
.............###)........
.................#.......
................##.......


You could see an ettin and a deep elf knight.

Vanquished Creatures
  Gastronok (D:10)
  Louise (D:15)
  Nessos (Lair:5)
  An ettin (Orc:1)
  A minotaur (Lab)
  8 vault guards (D:13)
  An ice dragon (Lair:6)
  5 hydras
  2 ogre magi (Orc:2)
  2 centaur warriors
  Erica (Lair:2)
  8 two-headed ogres
  4 death yaks
  A tengu warrior (D:15)
  Nergalle (Lair:2)
  A glowing orange brain (shapeshifter) (D:15)
  2 unseen horrors
  An orc knight (D:15)
  A wizard (D:10)
  A lindwurm (Lair:6)
  7 ugly things
  9 orc sorcerers (Orc:2)
  2 deep elf magi
  An oklob plant (Lair:4)
  2 manticores
  3 cyclopes
  18 elephants
  4 black mambas
  A gargoyle (D:10)
  2 ice statues (IceCv)
  6 centaur skeletons
  7 torpor snails
  8 spiny frogs
  2 rime drakes
  7 komodo dragons
  An efreet (D:14)
  3 trolls
  2 ice devils (Lair:2)
  4 tyrant leeches (Lair:6)
  5 hornets (Lair:6)
  2 tengu conjurers (D:13)
  A polar bear (Lair:6)
  5 dream sheep (Lair:5)
  20 blink frogs
  6 slime creatures (D:14)
  11 hippogriffs
  A meliai zombie (D:14)
  A spriggan (D:10)
  A shadow (D:15)
  3 wyverns
  47 yaks
  2 vampire mosquitoes (D:13)
  7 basilisks
  3 hungry ghosts
  3 wargs
  A soldier ant (D:13)
  8 water moccasins
  16 porcupines
  8 ice beasts
  22 orc warriors
  2 black bears
  2 sky beasts
  An eye of draining (D:14)
  12 ogres
  2 phantoms
  11 wolves
  6 centaurs
  16 crocodiles
  15 bullfrogs
  A water moccasin zombie (D:7)
  5 scorpions
  2 water moccasin skeletons
  10 killer bees (D:9)
  8 wights
  3 electric eels (Lair:3)
  11 crimson imps
  A quasit (D:8)
  2 bullfrog zombies
  13 hounds
  5 jellies
  24 orc priests
  3 bullfrog skeletons
  41 orc wizards
  5 iguanas
  12 worker ants
  8 ogre zombies (D:11)
  A hound zombie (D:7)
  A hound skeleton (D:11)
  2 worker ant zombies
  Robin (D:3)
  11 adders
  4 gnolls
  5 shadow imps
  7 oozes
  5 worms
  4 leopard geckos
  124 orcs
  3 bats (D:3)
  15 giant cockroaches
  19 goblins
  10 hobgoblins
  20 jackals
  8 quokkas
  7 ball pythons
  4 frilled lizards
  3 goblin skeletons (D:11)
  3 goblin zombies (D:11)
  2 hobgoblin skeletons (D:11)
  6 hobgoblin zombies (D:11)
  A jackal skeleton (D:4)
  8 kobolds
  A leopard gecko skeleton (D:5)
  4 orc skeletons (D:11)
  7 orc zombies (D:11)
  2 quokka skeletons (D:5)
  11 rats
  A fungus (Lair:6)
  2 plants
829 creatures vanquished.

Vanquished Creatures (collateral kills)
  A hornet (Lair:6)
1 creature vanquished.

Vanquished Creatures (others)
  A bush (D:11)
  26 fungi
  26 plants
53 creatures vanquished.

Grand Total: 883 creatures vanquished

Notes
Turn   | Place    | Note
-------+----------+-------------------------------------------
     0 | D:1      | AlphabetPasta the Ogre Hunter began the quest for the Orb.
     0 | D:1      | Reached XP level 1. HP: 22/22 MP: 1/1
   126 | D:1      | Reached XP level 2. HP: 29/29 MP: 2/2
   825 | D:1      | Reached XP level 3. HP: 36/36 MP: 3/3
   832 | D:1      | Reached skill level 3 in Fighting
   910 | D:1      | Reached skill level 1 in Armour
  1623 | D:2      | Reached XP level 4. HP: 35/45 MP: 4/4
  1963 | D:2      | You fall through a shaft for 2 floors!
  1983 | D:4      | Reached XP level 5. HP: 54/54 MP: 5/5
  1997 | D:4      | HP: 2/54 [orc/enchanted short sword (2)]
  2010 | D:4      | HP: 2/54 [orc wizard/magic dart (8)]
  2015 | D:5      | Entered Level 5 of the Dungeon
  2313 | D:5      | Reached skill level 4 in Fighting
  2879 | D:5      | Found a basalt altar of Yredelemnul.
  2879 | D:5      | Noticed an ogre
  2881 | D:5      | Killed an ogre
  2881 | D:5      | Reached skill level 5 in Throwing
  2881 | D:5      | Reached XP level 6. HP: 56/63 MP: 6/6
  3518 | D:3      | Found a hide-covered altar of Uskayaw.
  3519 | D:3      | Found a sacrificial altar of Ru.
  3520 | D:3      | Found a burning altar of Makhleb.
  3521 | D:3      | Found a shattered altar of Ashenzari.
  3774 | D:3      | Noticed Robin
  4034 | D:3      | Reached skill level 1 in Polearms
  4100 | D:2      | Reached skill level 5 in Fighting
  4438 | D:3      | Killed Robin
  4686 | D:3      | Found a shimmering altar of Xom.
  5428 | D:3      | Reached XP level 7. HP: 65/72 MP: 7/7
  5640 | D:4      | Upgraded the game from 0.20-a0-736-gd3249da to 0.20-a0-738-gb057e68
  6250 | D:4      | Found an ancient bone altar of Kikubaaqudgha.
  6713 | D:3      | Reached XP level 8. HP: 30/83 MP: 8/8
  7661 | D:5      | Got an ancient robe
  7994 | D:5      | Identified the cursed +1 robe "Nonnu" {Regen+ Str+5} (You found it on level 5 of the Dungeon)
  8159 | D:5      | Reached skill level 6 in Fighting
  8185 | D:5      | Found a shadowy altar of Dithmenos.
  8651 | D:5      | Found a stormy altar of Qazlal.
  8969 | D:6      | Reached skill level 5 in Polearms
  9194 | D:6      | Found a staircase to the Ecumenical Temple.
  9203 | Temple   | Entered the Ecumenical Temple
  9211 | Temple   | Became a worshipper of Warmaster Okawaru
  9251 | D:6      | Noticed a vampire
  9301 | D:7      | Reached XP level 9. HP: 76/92 MP: 9/9
  9491 | D:7      | Reached skill level 1 in Invocations
  9659 | D:7      | Found a deep blue altar of Sif Muna.
  9740 | D:7      | Reached skill level 7 in Fighting
  9995 | D:7      | Reached * piety under Okawaru
 10007 | D:7      | Noticed a deep elf mage
 10025 | D:7      | Found a white marble altar of Elyvilon.
 10149 | D:7      | Reached skill level 5 in Dodging
 10341 | D:7      | Killed a deep elf mage
 10723 | D:8      | Noticed a two-headed ogre
 10727 | D:8      | Killed a two-headed ogre
 10727 | D:8      | Reached ** piety under Okawaru
 10727 | D:8      | Reached skill level 8 in Fighting
 10727 | D:8      | Reached XP level 10. HP: 60/104 MP: 10/12
 10914 | D:8      | Noticed a two-headed ogre
 11132 | D:8      | Reached skill level 5 in Armour
 11257 | D:8      | Killed a two-headed ogre
 11526 | D:8      | Reached *** piety under Okawaru
 11690 | D:9      | Noticed a two-headed ogre
 11711 | D:9      | Killed a two-headed ogre
 12152 | D:9      | Reached **** piety under Okawaru
 12284 | D:9      | Reached XP level 11. HP: 113/113 MP: 14/14
 12463 | D:9      | Reached skill level 9 in Fighting
 12467 | D:9      | Reached skill level 5 in Invocations
 12651 | D:9      | Found an ornate altar of the Wu Jian Council.
 12905 | D:10     | Entered Level 10 of the Dungeon
 12905 | D:10     | Noticed a wizard
 12927 | D:10     | Killed a wizard
 13283 | D:10     | Reached ***** piety under Okawaru
 13411 | D:10     | Noticed Gastronok
 13422 | D:10     | Killed Gastronok
 13506 | D:10     | Noticed a two-headed ogre
 13513 | D:10     | Killed a two-headed ogre
 14049 | D:11     | Noticed a purple ugly thing
 14064 | D:11     | Killed a purple ugly thing
 14064 | D:11     | Reached skill level 10 in Fighting
 14194 | D:11     | Reached XP level 12. HP: 108/126 MP: 16/16
 14385 | D:11     | Received a gift from Okawaru
 14404 | D:11     | Reached skill level 10 in Throwing
 14420 | D:11     | Found a labyrinth entrance.
 14426 | Lab      | Entered a labyrinth
 15066 | Lab      | Noticed a minotaur
 15082 | Lab      | Killed a minotaur
 15086 | Lab      | Identified the Handbook of Torrid Self-Improvement
 15087 | Lab      | Got a translucent bone ring
 15265 | D:11     | Noticed a two-headed ogre
 15274 | D:11     | Killed a two-headed ogre
 15382 | D:11     | Found a staircase to the Orcish Mines.
 15502 | D:11     | Received a gift from Okawaru
 15525 | D:11     | Found a staircase to the Lair.
 15909 | D:12     | Noticed a two-headed ogre
 15923 | D:12     | Killed a two-headed ogre
 16670 | D:12     | Reached skill level 11 in Fighting
 16670 | D:12     | Reached skill level 10 in Polearms
 17184 | Lair:1   | Entered Level 1 of the Lair of Beasts
 17361 | Lair:1   | Noticed a seven-headed hydra
 17373 | Lair:1   | Killed a seven-headed hydra
 17373 | Lair:1   | Received a gift from Okawaru
 17373 | Lair:1   | Reached XP level 13. HP: 113/137 MP: 16/19
 17400 | Lair:1   | Reached ****** piety under Okawaru
 17611 | Lair:1   | Identified the ring "Zirovy" {rN+ Stlth-} (You found it in a labyrinth)
 17740 | Lair:1   | Reached skill level 1 in Evocations
 17804 | Lair:1   | Found a glowing silver altar of Zin.
 18172 | Lair:2   | Found a frozen archway.
 18206 | IceCv    | Entered an ice cave
 18358 | IceCv    | Got a crystal flail
 18359 | IceCv    | Identified Boitsoxi's Incunabulum of Enthralling Self-Knowledge
 18630 | Lair:2   | Noticed Erica
 18662 | Lair:2   | Killed Erica
 18662 | Lair:2   | Received a gift from Okawaru
 18686 | Lair:2   | Got a fine scarf {god gift}
 18697 | Lair:2   | Identified the scarf "Refibyaz" {rF+ MR+ Str+3} (Okawaru gifted it to you on level 2 of the Lair of Beasts)
 19370 | Lair:2   | Noticed Nergalle
 19378 | Lair:2   | Killed Nergalle
 19387 | Lair:2   | Reached skill level 12 in Fighting
 20223 | Lair:3   | Reached XP level 14. HP: 115/149 MP: 20/20
 20538 | Lair:3   | Found a staircase to the Swamp.
 20751 | Lair:4   | Found a hole to the Spider Nest.
 20770 | Lair:4   | Received a gift from Okawaru
 21848 | Lair:5   | Found a staircase to the Slime Pits.
 21878 | Lair:5   | Noticed Nessos
 22109 | Lair:5   | Killed Nessos
 22554 | Lair:5   | Received a gift from Okawaru
 23362 | Lair:6   | Entered Level 6 of the Lair of Beasts
 23805 | Lair:6   | Received a gift from Okawaru
 23954 | Lair:6   | Found a runed door.
 24112 | Lair:6   | Received a gift from Okawaru
 24650 | Lair:6   | Received a gift from Okawaru
 24747 | Lair:6   | Reached skill level 13 in Fighting
 25204 | Lair:6   | Reached XP level 15. HP: 151/161 MP: 21/21
 25560 | Orc:1    | Entered Level 1 of the Orcish Mines
 26157 | Orc:2    | Entered Level 2 of the Orcish Mines
 26157 | Orc:2    | Found Tamaso's Distillery.
 26610 | Orc:2    | Bought 2 potions of curing for 84 gold pieces
 26610 | Orc:2    | Bought a potion of resistance for 140 gold pieces
 26610 | Orc:2    | Bought a potion of heal wounds for 70 gold pieces
 26629 | Orc:2    | Received a gift from Okawaru
 26642 | Orc:2    | Found a staircase to the Elven Halls.
 26915 | Orc:2    | Found Daegegar's Gadget Boutique.
 26935 | Orc:2    | Found Foted's Distillery.
 26969 | Orc:2    | Bought a wand of clouds (5/9) for 351 gold pieces
 26982 | Orc:2    | Found a radiant altar of Vehumet.
 26994 | Orc:2    | Found Lius's Antique Weapon Boutique.
 27107 | Orc:2    | Found an ancient bone altar of Kikubaaqudgha.
 27170 | Orc:2    | Found a roughly hewn altar of Beogh.
 27190 | Orc:2    | Found Moang's Gadget Shop.
 27703 | D:13     | Reached skill level 10 in Dodging
 27815 | D:13     | Received a gift from Okawaru
 27913 | D:13     | Found a gate to the Vaults.
 27972 | D:13     | Received a gift from Okawaru
 27972 | D:13     | Reached skill level 5 in Evocations
 28205 | D:13     | Found Pekon's General Store.
 28328 | D:13     | Received a gift from Okawaru
 28577 | D:14     | Received a gift from Okawaru
 28581 | D:14     | Got a transparent scarf {god gift}
 28592 | D:14     | Identified the scarf of Forking Paths {Int+3} (Okawaru gifted it to you on level 14 of the Dungeon)
 29315 | D:14     | Reached skill level 14 in Fighting
 29518 | D:15     | Entered Level 15 of the Dungeon
 29548 | D:15     | Noticed Louise
 29559 | D:15     | Killed Louise
 29571 | D:15     | Found Yhiov's Magic Scroll Shoppe.
 29605 | D:15     | Bought a scroll of identify for 32 gold pieces
 29972 | D:15     | Reached XP level 16. HP: 156/172 MP: 22/22
 30089 | D:15     | Killed from afar by a deep elf knight

Vault maps used:
D:1:      dpeg_arrival_ratfight, minmay_misc_feat_plants, minivault_24
D:3:      minmay_roachtagon, led_xom_imps,
          chequers_temple_overflow_statue_of_worship, uniq_robin
D:4:      marbit_many_paths
D:5:      grunt_dithmenos_smoke_and_mirrors, yredelemnul_altar_generic,
          lemuel_crystal_altar, first_bread, minmay_misc_feat_x
D:6:      minmay_temple_entry_statues_pillars, minivault_4, abandoned_shop,
          sigmund_army, uniq_menkaure, uniq_pikel
D:7:      minmay_cornered_nines, overflow_temple_1_default,
          lemuel_blue_sif_altar
D:9:      kennysheep_mini
D:10:     the_bakery, grunt_ministairs_8, uniq_gastronok
D:11:     minmay_lair_entry_grove, zombieorc2_lemuel, lab_entry_generic,
          kennysheep_generic_room_4
D:13:     erik_vaults_2, serial_shops, nicolae_shop_crystal
D:14:     grunt_decor_resistance, corexii_hall_statues_i
D:15:     hangedman_depths_entry_civil_slaughter, serial_shops,
          nicolae_shop_waterfront, basic_altar, uniq_louise
Temple:   eino_temple_lava
Lair:1:   basic_altar, st_stairs_4, serial_bayou_shore_b
Lair:2:   beast_lair_carwin_large_3, portal_ice_cave_demonic_guard, uniq_erica,
          uniq_nergalle
Lair:3:   swamp_mist, disabler_island
Lair:4:   dummy_spider_entry, serial_forest, infiniplex_forest_split,
          infiniplex_forest_straight_3, infiniplex_forest_straight_1,
          infiniplex_forest_end_3, infiniplex_forest_straight_5,
          infiniplex_forest_lined_3_way
Lair:5:   nicolae_slime_entry_slimehenge, serial_bayou_shore_a,
          grunt_megastairs_3, lemuel_fruit_tree, uniq_nessos
Lair:6:   wormcave
Orc:1:    serial_shops
Orc:2:    kennysheep_orc_mage_school, serial_shops, shop
IceCv:    ice_cave_statue_garden_teleport

Skill      XL: |  1  2  3  4  5  6  7  8  9 10 11 12 13 14 15 |
---------------+----------------------------------------------+-----
Dodging        | 2 3 4 5 6 7 8 9 10 | 10.4
Fighting       | 3 4 5 6 8 10 11 12 13 14 | 14.2
Armour         | 1 2 3 4 5 6 7 8 9 |  9.5
Throwing       | 5 6 7 8 9 10 11 12 13 | 13.0
Polearms       | 1 3 5 7 8 9 10 11 12 13 | 13.4
Invocations    | 3 4 6 8 |  8.0
Evocations     | 2 4 5 |  5.5
Stealth        | |  0.6

Action                   |  1- 3 |  4- 6 |  7- 9 | 10-12 | 13-15 | 16-18 || total
-------------------------+-------+-------+-------+-------+-------+-------++-------
Melee: Short sword       |   152 |    58 |       |       |       |       ||   210
       Flail             |       |   157 |       |       |       |       ||   157
       Spear             |       |   125 |   905 |   213 |       |       ||  1243
       Glaive            |       |       |       |   257 |       |       ||   257
       Punch             |       |       |       |     1 |     9 |     1 ||    11
       Trident           |       |       |       |   191 |  1214 |    23 ||  1428
       Bardiche          |       |       |       |       |     3 |     3 ||     6
Throw: Large rock        |     7 |     8 |    27 |    12 |    95 |     7 ||   156
       Tomahawk          |       |       |    32 |   213 |   436 |       ||   681
       Throwing net      |       |       |     3 |     2 |     2 |       ||     7
Invok: Heroism           |       |       |     1 |    16 |    12 |     1 ||    30
       Finesse           |       |       |       |     2 |     5 |     1 ||     8
Evoke: Wand              |       |       |       |       |     4 |       ||     4
  Use: Scroll            |     5 |     7 |    11 |     5 |    25 |     1 ||    54
       Potion            |       |     3 |     2 |     1 |     4 |     1 ||    11
 Stab: Sleeping          |     1 |     1 |     4 |     4 |     3 |       ||    13
       Distracted        |       |       |     1 |       |     2 |       ||     3
  Eat: Chunk             |     2 |     4 |    14 |    19 |    34 |       ||    73
       Royal jelly       |       |     2 |       |       |     2 |       ||     4
       Meat ration       |       |     1 |       |       |       |       ||     1
       Bread ration      |       |       |     1 |       |       |       ||     1
       Fruit             |       |       |       |     4 |     3 |       ||     7
Armor: Robe              |    39 |    71 |   144 |   118 |   147 |     5 ||   524
Dodge: Dodged            |    72 |   187 |   370 |   315 |   536 |    10 ||  1490
